 Dungeon Sprint DCSS version 0.28-a0-845-gfc338a8e3c (webtiles) character file.

Game seed: 6461122803991023388

86 xpp the Cleaver (level 4, -4/42 HPs)
             Began as a Hill Orc Fighter on Nov 13, 2021.
             Was an Initiate of Beogh.
             Slain by a merfolk (12 damage)
             ... in the Dungeon (Sprint V: "Ziggurat Sprint").
             The game lasted 00:05:11 (96 turns).

xpp the Cleaver (Hill Orc Fighter)                    Turns: 96, Time: 00:05:12

Health: -4/42      AC:  7    Str: 25    XL:     4   Next: 49%
Magic:  4/4        EV: 10    Int:  8    God:    Beogh [......]
Gold:   0          SH:  8    Dex: 16    Spells: 3/3 levels left

rFire   . . .      SeeInvis +   z - +14 obsidian axe {vorpal, Mesm Drain Fly SInv}
rCold   . . .      Faith    .   v - +3 buckler
rNeg    . . .      Spirit   .   b - +0 scale mail
rPois   .          Reflect  .   (no helmet)
rElec   .          Harm     .   (no cloak)
rCorr   .          Rampage  .   (no gloves)
Will    .....      NoTele   +   (no boots)
Stlth   ..........              (no amulet)
HPRegen 0.14/turn               y - +6 ring of strength
MPRegen 0.09/turn               u - +6 ring of dexterity

@: mighty, flying, mesmerised, invisible
A: no striking features
a: Renounce Religion


You were in the Dungeon.
You worshipped Beogh.
Beogh was noncommittal.
You visited 1 branch

Inventory:

Hand Weapons
 z - the +14 obsidian axe (weapon) {vorpal, Mesm Drain Fly SInv}
   (You found it in the Dungeon)

   It inflicts extra damage upon your enemies.
   It occasionally summons demons to assist the wielder when it strikes in
   combat.
   Its wielder is mesmerised by any visible foes.
   It cannot be unequipped while any foes are visible.
   SInv:      It lets you see invisible.
   Fly:       It grants you flight.
   Drain:     It drains your maximum health when unequipped.
Armour
 b - a +0 scale mail (worn)
 t - +5 gold dragon scales
 v - a +3 buckler (worn)
 w - a +3 kite shield
 x - a +3 tower shield
 D - the +18 shield of the Gong {rElec rN+ Will+ EV-5}
   (You found it in the Dungeon)

   It is deafeningly noisy when blocking attacks.
   EV:        It affects your evasion (-5).
   rElec:     It insulates you from electricity.
   rN:        It protects you from negative energy.
   Will:      It increases your willpower.
Jewellery
 a - the ring "Joruc" {Fire Drain Str+3 Int+4}
   (You found it in the Dungeon)

   [ring of fire]

   It enhances your fire magic.
   Str:       It affects your strength (+3).
   Int:       It affects your intelligence (+4).
   rF:        It protects you from fire.
   rC:        It makes you vulnerable to cold.
   Drain:     It drains your maximum health when unequipped.
 c - a ring of magical power
 u - a +6 ring of dexterity (right hand)
 y - a +6 ring of strength (left hand)
Wands
 A - a wand of mindburst (6)
 B - a wand of iceblast (5)
 C - a wand of acid (6)
Scrolls
 j - 4 scrolls of blinking
 o - 4 scrolls of amnesia
 p - 7 scrolls of fog
 q - a scroll of holy word
 r - 5 scrolls of identify
 s - 2 scrolls of fear
Potions
 d - 5 potions of might
 e - 10 potions of curing
 f - 10 potions of heal wounds
 g - 6 potions of haste
 h - 7 potions of magic
 i - 3 potions of berserk rage
 k - 2 potions of brilliance
 l - a potion of invisibility
 m - 4 potions of resistance


   Skills:
 + Level 5.4 Fighting
 * Level 13.2 Axes
 + Level 5.0 Armour
 + Level 4.8 Shields


You had 3 spell levels left.
You didn't know any spells.
Your spell library was empty.

Dungeon Overview and Level Annotations

Branches:
Dungeon (1/1)

Altars:
Ashenzari
Cheibriados
Dithmenos
Elyvilon
Fedhas
Gozag
Hepliaklqana
Kikubaaqudgha
Makhleb
Nemelex Xobeh
Okawaru
Qazlal
Ru
Sif Muna
Trog
Uskayaw
Vehumet
Wu Jian
Xom
Yredelemnul
Zin
The Shining One
Beogh
Jiyva
Lugonu

Annotations:
D 1 transporter


Message History

Welcome to arena 2.
You enter the transporter and appear at another place. 3 merfolk come into view.
Visions of slaying the merfolk flood into your mind.
The merfolk shouts! x3
Found three items.
Found a transporter.
Aiming: Mindburst
Press: ? - help, Shift-Dir - straight line, f - merfolk
Aim: a merfolk, wielding a +0 trident (chance to affect: 48%)
The merfolk resists with some effort.
Aiming: Iceblast
Press: ? - help, Shift-Dir - straight line, f/p - merfolk
Aim: a merfolk, wielding a +0 trident The mass of ice explodes!
The iceblast engulfs the merfolk!
The merfolk is moderately wounded.
The iceblast engulfs the merfolk!
The merfolk is lightly wounded.
The iceblast engulfs the merfolk!
The merfolk is lightly wounded.
Visions of slaying the merfolk flood into your mind.
Aiming: Iceblast
Press: ? - help, Shift-Dir - straight line, f/p - merfolk
Aim: a merfolk, wielding a +0 trident (moderately wounded, mesmerising)
The mass of ice explodes!
The iceblast engulfs the merfolk!
The merfolk is heavily wounded.
The iceblast engulfs the merfolk!
The merfolk is moderately wounded.
The iceblast engulfs the merfolk.
The merfolk is moderately wounded.
Visions of slaying the merfolk flood into your mind.
The merfolk hits you from afar with a +0 trident! x2
* * * LOW HITPOINT WARNING * * *
The merfolk barely misses you.
You fade into invisibility!
Visions of slaying the merfolk flood into your mind.
You block the merfolk's attack.
The merfolk hits you from afar with a +0 trident.
* * * LOW HITPOINT WARNING * * *
The merfolk hits you from afar with a +0 trident!
You die...

▓▓▓▓▓▓▓▓▓▓▓▓▓
▓.8©8.▓.8©8.▓
▓.:)).▓.....▓
▓.....▓.....▓
▓.....▓.....▓
▓.mmm.▓..)..▓
▓.....▓..©..▓
▓..@..▓▓▓▓▓▓▓
▓▓▓▓▓▓▓


You could see 3 merfolk.

Vanquished Creatures
  A wight (D)
  A bat skeleton (D)
2 creatures vanquished.

Notes
Turn   | Place    | Note
-------+----------+-------------------------------------------
     0 | D        | xpp the Hill Orc Fighter began the quest for the Orb.
     0 | D        | Reached XP level 1. HP: 19/19 MP: 1/1
     0 | D        | Found a shimmering blue altar of Sif Muna.
     0 | D        | Found a sacrificial altar of Ru.
     0 | D        | Found a bloodstained altar of Trog.
     0 | D        | Found a stormy altar of Qazlal.
     0 | D        | Found an iron altar of Okawaru.
     0 | D        | Found a sparkling altar of Nemelex Xobeh.
     0 | D        | Found a blossoming altar of Fedhas.
     0 | D        | Found the +6 Majin-Bo {vamp, MP+6 Int+6}
     0 | D        | Found the +9 heavy crossbow "Sniper" {vorpal, Acc+∞ SInv}
     0 | D        | Found the +10 dark maul {vorpal}
     0 | D        | Found the +15 Maxwell's patent armour {-Cast -Tele rElec
                  | Will+ rCorr}
     0 | D        | Found the +18 shield of the Gong {rElec rN+ Will+ EV-5}
     0 | D        | Found the +14 obsidian axe {vorpal, Mesm Drain Fly SInv}
     0 | D        | Found the +7 great mace "Firestarter" {inner flame, rF++}
     0 | D        | Found the +6 shillelagh "Devastator" {shatter}
     0 | D        | Found the +11 plutonium sword {Contam Stlth-}
     0 | D        | Found the +8 lance "Wyrmbane" {slay drac, rPois rF+ rC+
                  | AC+3}
     0 | D        | Found the +9 sword of Zonguldrok {reap}
     0 | D        | Found the +13 scythe of Curses {drain, Drain}
     0 | D        | Found the +5 sword of Power {vorpal}
     0 | D        | Found the +7 mace of Variability {chain chaos}
     0 | D        | Found the +7 Singing Sword {vorpal, sonic wave}
     0 | D        | Found the +8 storm bow {elec, penet}
     2 | D        | Found a transporter.
     2 | D        | Found an ancient bone altar of Kikubaaqudgha.
     2 | D        | Found a viscous altar of Jiyva.
     2 | D        | Found a corrupted altar of Lugonu.
     2 | D        | Found a hazy altar of Hepliaklqana.
     2 | D        | Found a burning altar of Makhleb.
     2 | D        | Found an opulent altar of Gozag.
    62 | D        | Became a worshipper of Beogh the Brigand
    74 | D        | Entered arena 2.
    74 | D        | Noticed a wight
    74 | D        | Found a transporter.
    78 | D        | Killed a wight
    79 | D        | Reached skill level 5 in Fighting
    79 | D        | Reached skill level 4 in Axes
    79 | D        | Reached skill level 5 in Armour
    79 | D        | Reached XP level 2. HP: 29/29 MP: 2/2
    79 | D        | Reached XP level 3. HP: 36/36 MP: 3/3
    83 | D        | Got the ring "Joruc" {Fire Drain Str+3 Int+4}
    88 | D        | Reached skill level 13 in Axes
    88 | D        | Reached XP level 4. HP: 42/42 MP: 4/4
    92 | D        | Entered arena 3.
    92 | D        | Noticed a merfolk
    92 | D        | Noticed a merfolk
    92 | D        | Noticed a merfolk
    92 | D        | Found a transporter.
    96 | D        | Slain by a merfolk

Illustrated notes

Levels and vault maps discovered:
D:        sprint_v [room_start, room_1, room_2, room_3, room_4, room_5, room_6,
          room_7, room_8, room_9, room_10, room_11, room_12, room_13, room_14,
          room_15, room_16, room_17, room_18, room_19, room_20, room_21,
          room_22, room_23, room_24, room_25, room_26, room_27]

Skill      XL: |  1  2  3 |
---------------+----------+-----
Fighting       | 5 |  5.4
Axes           | 4 13 | 13.2
Armour         | 5 |  5.0
Shields        | 4 |  4.8

Action                   |  1- 3 |  4- 6 || total
-------------------------+-------+-------++-------
Melee: Broad axe         |     3 |       ||     3
Evoke: Wand              |     1 |     3 ||     4
  Use: Potion            |     2 |     1 ||     3
Armor: Scale mail        |     2 |       ||     2
Dodge: Dodged            |     1 |     1 ||     2
Block: Buckler           |     3 |     1 ||     4

Table legend: (Time is in decaauts)
 A = Elapsed time spent in this place.
 B = Non-inter-level travel time spent in this place.
 C = Inter-level travel time spent in this place.
 D = Time resting spent in this place.
 E = Time spent auto-exploring this place.
 F = Levels seen in this place.
 G = Mean time per level.
                   A        B        C        D        E       F      G
               +--------+--------+--------+--------+--------+-----+--------+
         Total |     96 |     96 |      0 |      0 |      5 |   1 |   96.0 |
       Dungeon |     96 |     96 |      0 |      0 |      5 |   1 |   96.0 |
               +--------+--------+--------+--------+--------+-----+--------+

Top non-repeatable levels by time:
       D: 96 daAuts
